[Event "Team 45 45 League T48"]
[Site "Internet Chess Club"]
[Date "2011.03.05"]
[Round "4"]
[White "az2112"]
[Black "Beetlejuice"]
[Result "1-0"]
[WhiteElo "1774"]
[BlackElo "1808"]
[Opening "Sicilian defense"]
[ECO "B44"]
[Time "12:00:33"]
[TimeControl "2700+45"]

1. e4 c5 2. Nf3 e6 3. d4 cxd4 4. Nxd4 Nc6 5. Bb5 Nf6 6. Nc3 Bb4 7. f3 Qc7 8. Ne2
a6 9. Ba4 b5 10. Bb3 Bc5 11. Bf4 d6 12. Qd2 Bb7 13. O-O-O Qb6 14. Kb1 Ne5 15.
Nd4 O-O 16. Bg5 Nc4 17. Qd3 Ne5 18. Qd2 Nfd7 19. f4 Nc6 20. Nxe6 fxe6 21. Bxe6+
Rf7 22. Bxf7+ Kxf7 23. Qd5+ Kf8 24. Qf5+ Nf6 25. Nd5 Bc8 26. Nxb6 Bxb6 27. Rxd6
Bxf5 28. Rxc6 Rc8 29. Rxb6 Bxe4 30. Bxf6 Rxc2 31. Ka1 gxf6 32. Re1 f5 33. Rxa6
Bxg2 34. Rf6+ Kg7 35. Rxf5 Bc6 36. Rg1+ Kh6 37. Rf6+ {Black resigns} 1-0

[Event "Team 45 45 League T48"]
[Site "Internet Chess Club"]
[Date "2011.03.04"]
[Round "4"]
[White "Terte"]
[Black "Deckfuel"]
[Result "1-0"]
[WhiteElo "2064"]
[BlackElo "1743"]
[Opening "French: MacCutcheon variation"]
[ECO "C12"]
[Time "06:28:09"]
[TimeControl "2700+45"]

1. e4 e6 2. d4 d5 3. Nc3 Nf6 4. Bg5 Bb4 5. a3 Bxc3+ 6. bxc3 dxe4 7. f3 h6 8. Bh4
g5 9. Bg3 c6 10. Qe2 Qb6 11. fxe4 Qb2 12. Rd1 Qxc3+ 13. Rd2 Qxa3 14. Nf3 b6 15.
Ne5 Qc3 16. Qf2 Nbd7 17. Bd3 Nxe5 18. Qxf6 Ng6 19. O-O O-O 20. Rdf2 Bd7 21. Bd6
Nf4 22. Be5 Nh5 23. Qh8# {Black checkmated} 1-0

[Event "Team 45 45 League T48"]
[Site "Internet Chess Club"]
[Date "2011.03.03"]
[Round "4"]
[White "randallsr"]
[Black "mugurelt"]
[Result "1/2-1/2"]
[WhiteElo "1816"]
[BlackElo "1752"]
[Opening "Réti opening"]
[ECO "A04"]
[Time "21:08:21"]
[TimeControl "2700+45"]

1. Nf3 a6 2. g3 b5 3. Bg2 Bb7 4. b3 e6 5. Bb2 Nf6 6. O-O c5 7. d3 d5 8. Nbd2 Be7
9. e3 Nbd7 10. c4 dxc4 11. dxc4 O-O 12. Qe2 b4 13. Rfd1 Qc7 14. Nh4 Bxg2 15.
Nxg2 Ne5 16. Nf3 Ng6 17. Nf4 Nxf4 18. exf4 Qb7 19. Rd3 Rfd8 20. Rad1 Rxd3 21.
Rxd3 Rd8 22. Bxf6 Bxf6 23. Rxd8+ Bxd8 24. Qd3 Bf6 25. Ne5 h6 26. Qd7 Qxd7 27.
Nxd7 Bd4 28. Nb8 Kf8 29. Nxa6 Ke7 30. Nc7 g5 31. fxg5 hxg5 32. Kg2 f5 33. h3 Kf6
34. Nb5 Bb2 35. f3 Ke5 36. Kf2 f4 37. g4 Bd4+ 38. Ke2 Bb2 39. Kd3 Kf6 40. Kc2
Be5 41. a4 bxa3 42. Nxa3 Ke7 43. Kd3 Bc7 44. Ke4 Bb8 45. Nc2 Bd6 46. Na3 Bb8 47.
Nb5 Kd7 48. Nc3 Bc7 49. Kd3 Kc6 50. Ne4 Bd8 51. Kc3 Be7 52. Nf2 Kb6 53. Nd3 Bf6+
54. Kc2 Kc6 55. Nf2 Be7 56. Ne4 Kb6 57. Nc3 Kc6 58. Nb5 Kb6 {Game drawn by
mutual agreement} 1/2-1/2

[Event "Team 45 45 League T48"]
[Site "Internet Chess Club"]
[Date "2011.03.07"]
[Round "4"]
[White "Victorianum"]
[Black "Goli"]
[Result "1-0"]
[WhiteElo "1802"]
[BlackElo "1787"]
[Opening "QGD Slav: 3.Nf3"]
[ECO "D11"]
[Time "14:01:38"]
[TimeControl "2700+45"]

1. d4 c6 2. c4 d5 3. Nf3 Bg4 4. Ne5 Bh5 5. Qb3 Qc8 6. cxd5 cxd5 7. Nc3 e6 8. e4
Nf6 9. exd5 exd5 10. Nxd5 Nxd5 11. Qxd5 Bb4+ 12. Bd2 Bxd2+ 13. Kxd2 O-O 14. Rc1
Qf5 15. f3 Qg5+ 16. Kd1 Nc6 17. h4 Qh6 18. Nxc6 bxc6 19. Rxc6 Bg6 20. Bd3 Rad8
21. Qc5 Qe3 22. Bxg6 Rxd4+ 23. Kc2 hxg6 24. Kb1 Rfd8 25. a3 Qb3 26. Rc8 Rxc8 27.
Qxc8+ Kh7 28. Qc2 Qd5 29. h5 Kg8 30. hxg6 fxg6 31. Qc8+ Kf7 32. Qc7+ Kf6 33. Rc1
Rd1 34. Qc3+ Kf7 35. Qc7+ Kg8 36. Qb8+ Kh7 37. Rxd1 Qxd1+ 38. Ka2 Qd5+ 39. Qb3
Qg5 40. g4 Qf4 41. Qd3 a5 42. Qe4 Qf7+ 43. Kb1 Qb3 44. Qe2 Qb6 45. f4 Qg1+ 46.
Ka2 Qd4 47. Qf3 a4 48. f5 gxf5 49. Qxf5+ g6 50. Qf3 g5 51. Qf5+ Kh8 52. Qf8+ Kh7
53. Qf7+ Kh8 54. Qh5+ Kg7 55. Qxg5+ Kf7 56. Qf5+ Ke7 57. Qh7+ Ke6 58. Qg8+ Ke7
59. g5 Kd7 60. g6 Kc6 61. Qf7 {Black resigns} 1-0

[Event "Team 45 45 League T48"]
[Site "Internet Chess Club"]
[Date "2011.03.04"]
[Round "4"]
[White "justice02"]
[Black "BanjoStu"]
[Result "1-0"]
[WhiteElo "1738"]
[BlackElo "1545"]
[Opening "King's Indian, 3.Nf3"]
[ECO "E90"]
[Time "21:02:13"]
[TimeControl "2700+45"]

1. Nf3 Nf6 2. d4 g6 3. c4 Bg7 4. Nc3 O-O 5. e4 d6 6. Bd3 e5 7. d5 Nh5 8. O-O f5
9. exf5 Bxf5 10. Ne4 Nd7 11. Re1 Nf4 12. Bxf4 exf4 13. Neg5 Nc5 14. Ne6 Nxe6 15.
dxe6 Qe7 16. Bxf5 Rxf5 17. Rb1 Be5 18. Nxe5 dxe5 19. Qd7 Qxd7 20. exd7 Rd8 21.
Rbd1 Kf7 22. Rd5 Ke6 23. Red1 Rf7 24. Re1 Rf5 25. Red1 e4 26. R5d4 e3 27. fxe3
fxe3 28. b4 Rxd7 29. Rxd7 e2 30. Re1 Kxd7 31. Rxe2 Kd6 32. a4 Rf4 33. Rd2+ Kc6
34. Rc2 a6 35. g3 Rf3 36. b5+ axb5 37. cxb5+ Kb6 38. Kg2 Ra3 39. Rc4 c6 40. bxc6
bxc6 41. Rh4 h5 42. Rf4 Ra2+ 43. Kg1 Ka5 44. Rc4 Rxa4 45. Rxc6 g5 46. Rc5+ Kb6
47. Rxg5 Ra5 48. Rxa5 Kxa5 49. Kg2 Kb5 50. Kh3 {Black resigns} 1-0

[Event "Team 45 45 League T48"]
[Site "Internet Chess Club"]
[Date "2011.03.07"]
[Round "4"]
[White "superbeast"]
[Black "charles-allen"]
[Result "1/2-1/2"]
[WhiteElo "1929"]
[BlackElo "1863"]
[Opening "English opening"]
[ECO "A20"]
[Time "18:00:16"]
[TimeControl "2700+45"]

1. c4 e5 2. g3 Nf6 3. Bg2 c6 4. d4 exd4 5. Qxd4 d5 6. cxd5 cxd5 7. Nf3 Nc6 8.
Qa4 Bb4+ 9. Bd2 Qe7 10. Bxb4 Qxb4+ 11. Qxb4 Nxb4 12. Nd4 {Game drawn by mutual
agreement} 1/2-1/2

[Event "Team 45 45 League T48"]
[Site "Internet Chess Club"]
[Date "2011.03.04"]
[Round "4"]
[White "flyingpawns"]
[Black "rayonline53"]
[Result "1/2-1/2"]
[WhiteElo "1759"]
[BlackElo "1626"]
[Opening "Benkö gambit accepted"]
[ECO "A58"]
[Time "18:30:30"]
[TimeControl "2700+45"]

1. d4 Nf6 2. c4 c5 3. d5 b5 4. cxb5 a6 5. bxa6 Bxa6 6. Nc3 d6 7. Nf3 g6 8. e4
Bxf1 9. Kxf1 Bg7 10. Qc2 O-O 11. Nd2 Na6 12. b3 Nb4 13. Qb2 Nd3 14. Qc2 Nxc1 15.
Qxc1 Qa5 16. Nc4 Qa6 17. Rb1 Nd7 18. a4 Ne5 19. Nb5 Nxc4 20. Qxc4 Qa5 21. Kg1
Kh8 22. h3 f5 23. Rf1 f4 24. Kh2 Be5 25. f3 g5 26. Kg1 Rf6 27. Kf2 Qd2+ 28. Qe2
Bd4+ 29. Nxd4 Qxd4+ 30. Ke1 Qc3+ 31. Kf2 Qd4+ 32. Ke1 Qc3+ 33. Kf2 Qd4+ {Game
drawn by repetition} 1/2-1/2

[Event "Team 45 45 League T48"]
[Site "Internet Chess Club"]
[Date "2011.03.04"]
[Round "4"]
[White "nursey"]
[Black "j65536d"]
[Result "0-1"]
[WhiteElo "1578"]
[BlackElo "1842"]
[Opening "Sicilian: dragon, classical attack"]
[ECO "B72"]
[Time "13:30:30"]
[TimeControl "2700+45"]

1. e4 c5 2. Nf3 d6 3. d4 cxd4 4. Nxd4 Nf6 5. Nc3 g6 6. Be2 Bg7 7. Be3 Nc6 8.
Nxc6 bxc6 9. O-O O-O 10. Rb1 d5 11. e5 Nd7 12. f4 e6 13. Bf3 a5 14. Re1 Qc7 15.
Ne2 Ba6 16. Nd4 c5 17. Ne2 Rab8 18. a3 a4 19. g3 Rfc8 20. Bg2 Bf8 21. b3 axb3
22. Rxb3 Nb6 23. Qd2 Nc4 24. Qd3 Qa5 25. Reb1 Rxb3 26. Qxb3 Qxa3 27. Bf2 Qxb3
28. Rxb3 Nd2 29. Rb2 Bxe2 30. c3 Nf3+ 31. Bxf3 Bxf3 32. Be3 c4 33. Kf2 Be4 34.
h3 Bc5 35. Bxc5 Rxc5 36. Rb7 Ra5 37. Ke3 Ra2 38. Kd4 Rd2+ 39. Kc5 Rd3 40. Kb4
Rxg3 {White resigns} 0-1

[Event "Team 45 45 League T48"]
[Site "Internet Chess Club"]
[Date "2011.03.05"]
[Round "4"]
[White "ChessicalZ"]
[Black "Giacometti"]
[Result "1-0"]
[WhiteElo "1658"]
[BlackElo "1731"]
[Opening "English: Anglo-Dutch defense"]
[ECO "A10"]
[Time "13:00:26"]
[TimeControl "2700+45"]

1. c4 f5 2. b3 e5 3. Bb2 Nc6 4. e3 Nf6 5. Nf3 d6 6. Nc3 Be7 7. Nd5 Nxd5 8. cxd5
Nb8 9. Qc2 O-O 10. Rc1 c5 11. dxc6 Nxc6 12. Bb5 Bd7 13. O-O Rc8 14. Qc4+ Kh8 15.
Qe2 a6 16. Bxc6 Bxc6 17. Rfd1 Qa5 18. a3 Bb5 19. Qe1 Bd3 20. Rc3 Rxc3 21. dxc3
Be4 22. Nd2 Bd3 23. c4 e4 24. Nf1 Qc7 25. Rc1 Qd8 26. Nd2 b6 27. Nb1 d5 28. cxd5
Qxd5 29. Qd1 Qd6 30. a4 Qd8 31. Ba3 Bxa3 32. Nxa3 b5 33. axb5 axb5 34. b4 Qd6
35. Nxb5 Qxb4 36. Nd4 g6 37. g3 Qb2 38. h4 Rd8 39. Ne6 Re8 40. Nf4 Rd8 41. Ra1
Qf6 42. Qa4 Bc2 43. Qa5 g5 44. hxg5 Qxa1+ 45. Qxa1+ Kg8 46. Qf6 Rd2 {Black
resigns} 1-0

[Event "Team 45 45 League T48"]
[Site "Internet Chess Club"]
[Date "2011.03.06"]
[Round "4"]
[White "chicopee-ed"]
[Black "pudge"]
[Result "1/2-1/2"]
[WhiteElo "1401"]
[BlackElo "1414"]
[Opening "Queen's pawn game"]
[ECO "D02"]
[Time "14:02:43"]
[TimeControl "2700+45"]

1. d4 d5 2. Nf3 e6 3. e3 Be7 4. Bd3 Nf6 5. Nbd2 c5 6. c3 c4 7. Bc2 O-O 8. O-O
Nc6 9. Re1 h6 10. e4 b5 11. e5 Nh7 12. Nf1 Ng5 13. Nxg5 Bxg5 14. Bxg5 Qxg5 15.
Re3 f5 16. Rg3 Qe7 17. Qh5 Kh8 18. f4 Qf7 19. Bd1 Bd7 20. Qxf7 Rxf7 21. Bh5 Rff8
22. Nd2 Be8 23. Be2 a5 24. Nf3 b4 25. Bd1 a4 26. Nh4 Bf7 27. Ng6+ Bxg6 28. Rxg6
Rfe8 29. h4 Kh7 30. h5 a3 31. b3 cxb3 32. Bxb3 bxc3 33. Bxd5 Nb4 34. Bxa8 c2 35.
Rc1 Rxa8 36. Rg3 Nxa2 37. Rxc2 Nb4 38. Rc7 a2 39. Rgxg7+ Kh8 40. Rh7+ Kg8 41.
Rhg7+ {Game drawn by mutual agreement} 1/2-1/2

[Event "Team 45 45 League T48"]
[Site "Internet Chess Club"]
[Date "2011.03.08"]
[Round "4"]
[White "Bamilus"]
[Black "milesotoole"]
[Result "0-1"]
[WhiteElo "1255"]
[BlackElo "1416"]
[Opening "Sicilian: Hungarian variation"]
[ECO "B27"]
[Time "21:10:12"]
[TimeControl "2700+45"]

1. e4 c5 2. Nf3 g6 3. d4 cxd4 4. Qxd4 Nf6 5. e5 Nc6 6. Qa4 Nd5 7. Qe4 Nb6 8. Bf4
d5 9. exd6 Bf5 10. Qe2 Bg7 11. Nc3 O-O 12. O-O-O exd6 13. Rxd6 Qc8 14. Nd5 Nxd5
15. Rxd5 Nb4 16. Rd2 Nxa2+ 17. Kb1 Nb4 18. Nd4 Re8 19. Qd1 Bxd4 20. Bd3 Nxd3 21.
cxd3 Qc6 22. f3 Qa6 23. g4 Be6 24. b4 Qa1+ {White resigns} 0-1

[Event "Team 45 45 League T48"]
[Site "Internet Chess Club"]
[Date "2011.03.11"]
[Round "4"]
[White "fuzzface"]
[Black "medsurg"]
[Result "1/2-1/2"]
[WhiteElo "1403"]
[BlackElo "1322"]
[Opening "English opening"]
[ECO "A20"]
[Time "15:00:32"]
[TimeControl "2700+45"]

1. c4 e5 2. g3 Nf6 3. Bg2 c6 4. d3 Bb4+ 5. Nc3 O-O 6. Bg5 h6 7. Bxf6 Qxf6 8. e4
d6 9. Qf3 Qxf3 10. Nxf3 b5 11. O-O bxc4 12. dxc4 Be6 13. Nd2 Bxc3 14. bxc3 Nd7
15. Rfd1 Rfd8 16. Bf1 c5 17. a4 f5 18. a5 Nf6 19. f3 fxe4 20. Nxe4 Nxe4 21. fxe4
Kf7 22. Bd3 Ke7 23. a6 Bg4 24. Rdb1 Rab8 25. Rb5 Bd7 26. Rb7 Rxb7 27. axb7 Rb8
28. Rxa7 Bc6 29. Bc2 Kd8 30. Ra8 Kc7 31. Rxb8 Kxb8 32. Kg2 Kxb7 33. Kh3 Bd7+ 34.
Kh4 g6 35. g4 Kc8 36. Bd1 Kd8 37. h3 Ke7 38. g5 hxg5+ 39. Kxg5 Bxh3 40. Kxg6 Bf1
41. Bb3 Bd3 42. Kf5 Bf1 43. Ba2 Bh3+ 44. Kg5 Ke6 45. Bb1 Bf1 46. Ba2 Bd3 47. Kg4
Bxe4 48. Kg3 Kf5 49. Bb3 Bd3 50. Kf3 e4+ 51. Ke3 Ke5 52. Ba2 Bc2 53. Kd2 Bd3 54.
Ke3 Kf5 55. Bb3 Kg4 56. Bd1+ Kf5 57. Bb3 Ke5 58. Ba2 d5 59. cxd5 c4 60. d6 Kxd6
61. Bxc4 Bxc4 62. Kxe4 {Game drawn by mutual agreement} 1/2-1/2

[Event "Team 45 45 League T48"]
[Site "Internet Chess Club"]
[Date "2011.03.05"]
[Round "4"]
[White "BCbudd"]
[Black "Just-Jim"]
[Result "0-1"]
[WhiteElo "1211"]
[BlackElo "1383"]
[Opening "Philidor's defense"]
[ECO "C41"]
[Time "13:00:26"]
[TimeControl "2700+45"]

1. e4 e5 2. Nf3 d6 3. c3 Bg4 4. Be2 Nf6 5. d3 h6 6. Be3 Nc6 7. Nbd2 d5 8. exd5
Qxd5 9. Nc4 O-O-O 10. O-O Kb8 11. Qc2 Qe6 12. Rfd1 Bd6 13. b4 Bxf3 14. Nxd6 Bxe2
15. Qxe2 Rxd6 16. a4 Nd5 17. Bc5 Nxc3 18. Qb2 Nxd1 19. Rxd1 Rd7 20. a5 Rhd8 21.
h3 Rxd3 22. Rxd3 Rxd3 23. b5 Nxa5 {White resigns} 0-1

[Event "Team 45 45 League T48"]
[Site "Internet Chess Club"]
[Date "2011.03.05"]
[Round "4"]
[White "Tjet"]
[Black "OOB1"]
[Result "1-0"]
[WhiteElo "1529"]
[BlackElo "1417"]
[Opening "English opening"]
[ECO "A20"]
[Time "22:13:43"]
[TimeControl "2700+45"]

1. c4 e5 2. g3 Nf6 3. Bg2 Nc6 4. Nc3 d6 5. e4 Bg4 6. Nge2 Qd7 7. O-O h5 8. f3
Be6 9. b3 a6 10. d3 h4 11. Nd5 h3 12. Bh1 Nh7 13. d4 O-O-O 14. dxe5 dxe5 15. Be3
f5 16. f4 Ne7 17. fxe5 fxe4 18. Bxe4 Nc6 19. Nef4 Nxe5 20. Nxe6 Re8 21. Nxf8
Nxf8 22. Bf5 Ne6 23. Bf4 Qd6 24. Qd4 Nc6 25. Bxd6 Nxd4 26. Bxe6+ Nxe6 27. Be5
Rhg8 28. Rf7 Rgf8 29. Raf1 Kb8 30. Nxc7 Ka7 31. Rxf8 Nxc7 32. Rxe8 Nxe8 33. Rf8
Nf6 {Black resigns} 1-0

[Event "Team 45 45 League T48"]
[Site "Internet Chess Club"]
[Date "2011.03.06"]
[Round "4"]
[White "Visin"]
[Black "alaskauk"]
[Result "1-0"]
[WhiteElo "1358"]
[BlackElo "1432"]
[Opening "English: Bremen, Smyslov system"]
[ECO "A22"]
[Time "14:00:27"]
[TimeControl "2700+45"]

1. c4 Nf6 2. Nc3 e5 3. g3 Bb4 4. Bg2 Nc6 5. e3 O-O 6. Nge2 Re8 7. a3 Bxc3 8.
Nxc3 a6 9. O-O d6 10. d4 exd4 11. exd4 Bd7 12. b4 Rb8 13. d5 Ne5 14. c5 Qc8 15.
Bg5 Bg4 16. f3 Bd7 17. Bxf6 gxf6 18. Ne4 Kg7 19. Rc1 dxc5 20. bxc5 Bf5 21. Qd2
Bxe4 22. fxe4 Qg4 23. Rf4 Qg5 24. Qe2 h5 25. Rcf1 Nd7 26. Rf5 Qg6 27. c6 Ne5 28.
Bf3 Nxf3+ 29. Qxf3 Qg4 30. Rxf6 Qxf3 31. R1xf3 Rxe4 32. Rxf7+ Kg8 33. Rxc7 bxc6
34. Rxc6 Re2 35. Rf2 Rb1+ 36. Kg2 Ree1 37. Rd2 Rg1+ 38. Kh3 Rgd1 39. Rxd1 Rxd1
40. a4 Rxd5 41. Rxa6 Kg7 42. Ra8 Rd4 43. a5 Rc4 44. a6 Ra4 45. a7 Ra5 46. Kh4
Ra6 47. Kxh5 Rh6+ 48. Kg4 Rg6+ 49. Kf3 Rf6+ 50. Ke4 Re6+ 51. Kd5 Ra6 52. h4 Ra5+
53. Kc6 Ra1 54. g4 Rc1+ 55. Kd5 Rd1+ 56. Kc4 Rc1+ 57. Kd3 Rd1+ 58. Kc2 Ra1 59.
g5 Ra2+ 60. Kb3 Ra6 61. h5 Rb6+ 62. Kc4 Ra6 63. Kb5 Ra1 64. h6+ Kh7 65. g6+ Kxh6
66. Rh8+ Kxg6 67. a8=Q Rb1+ 68. Kc4 Rc1+ 69. Kd3 Rd1+ 70. Ke2 Rd7 {Black
resigns} 1-0

[Event "Team 45 45 League T48"]
[Site "Internet Chess Club"]
[Date "2011.03.07"]
[Round "4"]
[White "katabatico"]
[Black "otib2006"]
[Result "1/2-1/2"]
[WhiteElo "1413"]
[BlackElo "1293"]
[Opening "Sicilian"]
[ECO "B56"]
[Time "15:01:01"]
[TimeControl "2700+45"]

1. e4 c5 2. Nf3 d6 3. d4 cxd4 4. Nxd4 Nf6 5. Nc3 e5 6. Nb3 Be7 7. Be2 O-O 8. O-O
Nc6 9. Kh1 Be6 10. f4 Qd7 11. f5 Bxb3 12. axb3 Nd4 13. Bd3 a6 14. Nd5 Nxd5 15.
exd5 f6 16. c3 Nb5 17. Qe1 Qc7 18. Qg3 Qc5 19. Bh6 Rf7 20. b4 Qb6 21. Be3 Qd8
22. Qg4 Nc7 23. c4 b5 24. Bb6 Qb8 25. Bxc7 Qxc7 26. cxb5 a5 27. bxa5 Rxa5 28.
Qb4 Rxa1 29. Rxa1 Qb7 30. Be4 Rf8 31. h3 Ra8 32. Ra3 Qc8 33. Rc3 Qb7 34. b6 Bf8
35. Rc7 Qa6 36. Rc1 Rb8 37. Rc6 Qf1+ 38. Kh2 Qf4+ 39. Kh1 Qf1+ 40. Kh2 Qf4+ 41.
Kh1 {Game drawn by mutual agreement} 1/2-1/2

[Event "Team 45 45 League T48"]
[Site "Internet Chess Club"]
[Date "2011.03.04"]
[Round "4"]
[White "randallsr"]
[Black "bayoumicardio10"]
[Result "0-1"]
[WhiteElo "1792"]
[BlackElo "1642"]
[Opening "English opening"]
[ECO "A05"]
[Time "15:00:32"]
[TimeControl "2700+45"]

1. Nf3 Nf6 2. c4 g6 3. b3 Bg7 4. Bb2 O-O 5. g3 d6 6. Bg2 c5 7. O-O Nc6 8. d3 Bd7
9. Nbd2 Qc8 10. Rb1 Bh3 11. Ne4 Nxe4 12. dxe4 Bxg2 13. Kxg2 b6 14. Bxg7 Kxg7 15.
Ne1 f6 16. Nc2 f5 17. exf5 Rxf5 18. f3 Qe6 19. Qd2 Raf8 20. Rbe1 Qf6 21. Ne3 Rh5
22. Ng4 Qe6 23. Rh1 Ne5 24. Qc3 Kg8 25. Nxe5 Qxe5 26. Qxe5 Rxe5 27. e4 g5 28.
Rhf1 Rf6 29. h3 Kf8 30. Rd1 Rfe6 31. Kf2 Ke8 32. Rxd6 exd6 {White resigns} 0-1

[Event "Team 45 45 League T48"]
[Site "Internet Chess Club"]
[Date "2011.03.08"]
[Round "4"]
[White "Innes"]
[Black "Signalman"]
[Result "1-0"]
[WhiteElo "1686"]
[BlackElo "1559"]
[Opening "Pirc defense"]
[ECO "B07"]
[Time "14:34:50"]
[TimeControl "2700+45"]

1. e4 d6 2. d4 Nf6 3. Bd3 e5 4. Nf3 exd4 5. c3 dxc3 6. Nxc3 c6 7. h3 Be7 8. O-O
O-O 9. Qe2 Qc7 10. Bf4 Re8 11. Rac1 Nbd7 12. e5 dxe5 13. Bh2 Bd6 14. Rfd1 Nc5
15. Bb1 Be6 16. b4 Ncd7 17. Nb5 Qb6 18. Nxd6 Red8 19. Ng5 Bd5 20. a3 h6 21. Nf3
c5 22. Nc4 Bxc4 23. Qxc4 Rac8 24. Qe2 cxb4 25. Rxc8 Rxc8 26. axb4 e4 27. Nh4
Qxb4 28. Bd6 Qa4 29. Nf5 Re8 30. Rc1 Nb6 31. Rc7 Nfd5 32. Qg4 g6 33. Rc1 Kh7 34.
Ng3 e3 35. Qf3 exf2+ 36. Qxf2 Kg7 37. Rf1 f6 38. Bc5 Re6 39. Ba2 Qc6 40. Rc1 Qd7
41. Bd4 Rd6 42. Ne4 Nb4 43. Bxf6+ Kh7 44. Nxd6 Qxd6 45. Bb1 N6d5 46. Bd4 Nf4 47.
Rf1 Ne2+ 48. Qxe2 Qxd4+ 49. Kh1 h5 50. Qe7+ Kh6 51. Qf8+ Kh7 52. Rf7+ Qg7 53.
Qxg7# {Black checkmated} 1-0

[Event "Team 45 45 League T48"]
[Site "Internet Chess Club"]
[Date "2011.03.08"]
[Round "4"]
[White "rahulr"]
[Black "MCJR"]
[Result "1-0"]
[WhiteElo "1616"]
[BlackElo "1473"]
[Opening "Réti: King's Indian attack (Barcza system)"]
[ECO "A07"]
[Time "20:00:09"]
[TimeControl "2700+45"]

1. Nf3 d5 2. g3 Nf6 3. Bg2 c6 4. O-O Bf5 5. d3 h6 6. c4 e6 7. Nbd2 Nbd7 8. Re1
Be7 9. cxd5 exd5 10. e4 dxe4 11. dxe4 Bh7 12. e5 Nd5 13. e6 fxe6 14. Nd4 Nc5 15.
Qg4 O-O 16. N2b3 Nf6 17. Qd1 Qb6 18. Nxe6 Nxe6 19. Rxe6 Nd5 20. Qd4 Bf6 21. Qxb6
Nxb6 22. Bf4 Bxb2 23. Rae1 Rad8 24. Nc5 Bd4 25. Nxb7 Rc8 26. Bxc6 Nc4 27. Bd5
Kh8 28. Rc1 Bd3 29. Bxc4 Bxc4 30. Re4 Bd5 31. Rxc8 Rxc8 32. Rxd4 Bxb7 33. Rd7
Bc6 34. Rxa7 Re8 35. Be3 Rd8 36. f4 Rd1+ 37. Kf2 Ra1 38. Bd4 Rd1 39. Bxg7+ Kg8
40. Bxh6 Rd2+ 41. Ke3 Rxh2 42. Bg5 Rh3 43. Bh4 Rh2 44. Kd4 Rd2+ 45. Kc5 Rc2+ 46.
Kd6 Be4 47. Ke5 Bf3 48. a4 Rc5+ 49. Kd4 Rd5+ 50. Ke3 Bg2 51. a5 Rb5 52. Kd4 Rb4+
53. Kc5 Ra4 54. Kb5 Ra2 55. a6 Bf1+ 56. Kb6 Rb2+ 57. Kc7 Bg2 58. Kd7 Rd2+ 59.
Ke6 Re2+ 60. Kf6 Ra2 61. Kg6 Be4+ 62. f5 Ra5 63. g4 Bf3 64. Bf6 Bxg4 65. Ra8#
{Black checkmated} 1-0

[Event "Team 45 45 League T48"]
[Site "Internet Chess Club"]
[Date "2011.03.05"]
[Round "4"]
[White "Visin"]
[Black "werty"]
[Result "0-1"]
[WhiteElo "1307"]
[BlackElo "1574"]
[Opening "French: exchange variation"]
[ECO "C01"]
[Time "14:31:58"]
[TimeControl "2700+45"]

1. e4 e6 2. d4 d5 3. exd5 exd5 4. Nf3 Bd6 5. Be2 Nf6 6. Bg5 O-O 7. O-O Bg4 8.
Nbd2 Nbd7 9. c4 dxc4 10. Bxc4 c6 11. Re1 Nb6 12. Bd3 h6 13. Bh4 Nbd5 14. Qb3 Qc7
15. h3 Bh5 16. Bc4 Rfe8 17. Bxf6 Nxf6 18. Re2 Rxe2 19. Bxe2 Re8 20. Bd3 Nd5 21.
Re1 Rxe1+ 22. Nxe1 Qe7 23. Nef3 Kf8 24. g4 Bg6 25. Bxg6 fxg6 26. Qc2 Qf7 27. Ne5
Bxe5 28. dxe5 Nf4 29. Qc5+ Qe7 30. Qxe7+ Kxe7 31. h4 Ke6 32. Nf3 c5 33. Kf1 b5
34. b3 c4 35. Nd4+ Kxe5 36. Nxb5 cxb3 37. axb3 a6 38. Nc3 Kd4 39. Na2 a5 40. b4
a4 41. b5 Kc5 42. Nc3 a3 43. Ke1 Nd5 44. Kd2 Nxc3 45. Kxc3 Kxb5 46. f4 Kc5 47.
f5 gxf5 48. gxf5 Kd5 {White resigns} 0-1

[Event "Team 45 45 League T48"]
[Site "Internet Chess Club"]
[Date "2011.03.05"]
[Round "4"]
[White "civilization"]
[Black "subterfuge"]
[Result "1/2-1/2"]
[WhiteElo "1748"]
[BlackElo "1754"]
[Opening "Caro-Kann: two knights variation"]
[ECO "B11"]
[Time "19:01:15"]
[TimeControl "2700+45"]

1. e4 c6 2. Nc3 d5 3. Nf3 dxe4 4. Nxe4 Nd7 5. d4 Ngf6 6. Nxf6+ Nxf6 7. Bc4 Bf5
8. O-O e6 9. Bf4 Be7 10. Re1 Nd5 11. Bg3 h5 12. h3 g5 13. Bd3 Bxd3 14. Qxd3 Nf4
15. Bxf4 gxf4 16. Qe4 Qc7 17. Ne5 Bg5 18. Nf3 Be7 19. Ne5 Bg5 20. Rad1 O-O-O 21.
Rd3 Rdg8 22. c3 Rg7 23. g3 fxg3 24. Rxg3 Rhg8 25. Kh1 Qe7 26. Reg1 Bf6 27. Rxg7
Rxg7 28. Rxg7 Bxg7 29. Qf4 f6 30. Nc4 Qc7 31. Qe4 Qd7 32. Kg2 Bf8 33. Ne3 Qg7+
34. Kf1 Qf7 35. b3 Bd6 36. c4 f5 37. Qg2 f4 38. Qf3 Qf6 39. Nc2 Qf5 40. Ne1 e5
41. dxe5 Qxe5 42. Qe2 Qf5 43. Qd3 Qe6 44. Qf3 Qe5 45. Qe2 Qf5 46. Qd3 Qe6 47.
Qc3 Kc7 48. Qf3 Qe5 49. Qe2 Qf5 50. Qd3 Qd7 51. Nc2 Qg7 52. Nd4 Kb6 53. Qc3 Bc5
54. Ne2 Qxc3 55. Nxc3 Ka5 56. Ke2 b5 57. cxb5 cxb5 58. f3 Kb4 59. Nb1 Be3 60.
Kd3 a5 61. Kc2 Kc5 62. Kc3 b4+ 63. Kd3 Kd5 64. a3 Bc1 65. axb4 axb4 66. Kc2 Be3
67. Kd3 Bc1 68. Kc2 Be3 69. Kd3 Bc1 70. Kc2 Be3 {Game drawn by repetition}
1/2-1/2

[Event "Team 45 45 League T48"]
[Site "Internet Chess Club"]
[Date "2011.03.02"]
[Round "4"]
[White "nursey"]
[Black "crazyhorses"]
[Result "1/2-1/2"]
[WhiteElo "1584"]
[BlackElo "1551"]
[Opening "QGA, 4.e3"]
[ECO "D25"]
[Time "17:30:08"]
[TimeControl "2700+45"]

1. d4 d5 2. c4 dxc4 3. Nf3 Nf6 4. e3 a6 5. Bxc4 e6 6. O-O b5 7. Bd3 Bb7 8. a4 b4
9. b3 Nbd7 10. Bb2 c5 11. Nbd2 Be7 12. Rc1 Rc8 13. Qe2 Qb6 14. Nc4 Qa7 15. Rfd1
O-O 16. Nfe5 Qa8 17. Nxd7 Nxd7 18. Qh5 Nf6 19. Qg5 h6 20. Qg3 Qb8 21. Qxb8 Rxb8
22. Na5 cxd4 23. Nxb7 Rxb7 24. Bxa6 Ra7 25. Bc4 dxe3 26. fxe3 Raa8 27. Bxf6 Bxf6
28. Rd7 Rfd8 29. Rcd1 Rxd7 30. Rxd7 Kf8 31. Kf2 Ra5 32. e4 Ke8 33. Rb7 Bc3 34.
Bb5+ Kf8 35. Rd7 Be5 36. g3 Ra8 {Game drawn by mutual agreement} 1/2-1/2

[Event "Team 45 45 League T48"]
[Site "Internet Chess Club"]
[Date "2011.03.04"]
[Round "4"]
[White "ElmerHo"]
[Black "Sirian"]
[Result "0-1"]
[WhiteElo "1560"]
[BlackElo "1540"]
[Opening "Pirc defense"]
[ECO "B07"]
[Time "20:05:33"]
[TimeControl "2700+45"]

1. e4 d6 2. d4 Nf6 3. Nc3 g6 4. Be3 Bg7 5. Qd2 Ng4 6. Bg5 h6 7. Bh4 O-O 8. O-O-O
Nc6 9. Nf3 a6 10. h3 Nf6 11. g4 b5 12. g5 hxg5 13. Bxg5 b4 14. Bxf6 exf6 15. Na4
Bd7 16. b3 Kh7 17. Kb1 a5 18. Be2 Bh6 19. Qd3 Kg7 20. Rdg1 Qe7 21. Nh4 Bg5 22.
Nf5+ Bxf5 23. exf5 Rh8 24. fxg6 Nxd4 25. Bg4 Nc6 26. Re1 Ne5 27. Qe4 fxg6 28.
Qe2 f5 29. Bf3 Rae8 30. Qb5 Qd7 31. Qxd7+ Nxd7 32. Bc6 Rd8 33. f4 Bh4 34. Re2
Kf7 35. Bd5+ Kg7 36. Bc6 Nb8 37. Bg2 Rde8 38. Rxe8 Rxe8 39. Rd1 Re1 40. Rxe1
Bxe1 41. Nb2 Nd7 42. Nd3 Bd2 43. Kb2 Nf6 44. a3 c5 45. axb4 axb4 46. Bf1 Nh5 47.
Be2 Nxf4 48. Nxf4 Bxf4 49. c3 bxc3+ 50. Kxc3 Be3 51. Kd3 Bd4 52. Bf1 g5 53. Ke2
Kf6 54. Kf3 Ke5 55. Bd3 Bb2 56. Bc2 d5 57. Ke3 Bc1+ 58. Kf3 Bd2 59. Bd3 Be1 60.
Ke3 Bh4 61. Be2 Kd6 62. Kd3 Ke6 63. Ke3 Ke5 64. Bf3 d4+ 65. Kd3 Kf4 66. Bg2 g4
67. hxg4 fxg4 68. b4 cxb4 69. Kxd4 Be1 70. Kd3 Kg3 71. Bd5 Kf2 72. Kc4 g3 73.
Kb3 g2 74. Bxg2 Kxg2 75. Kc2 Kf2 76. Kb2 Ke2 77. Kc2 Bc3 78. Kc1 Kd3 79. Kb1 Bd4
80. Kc1 Kc3 81. Kb1 Kb3 82. Kc1 Ka2 {White resigns} 0-1